 Dungeon Crawl Stone Soup version 0.31-a0-233-g139696dc86 (webtiles) character file.

Game seed: 7118236492683661556

2491 avis the Fighter (level 9, -10/96 HPs)
             Began as an Ogre Transmuter on July 9, 2023.
             Was an Initiate of Gozag.
             Mangled by an orc warrior
             ... wielding a +0 glaive
              (15 damage)
             ... in a bailey.
             The game lasted 00:48:02 (6825 turns).

avis the Fighter (Ogre Transmuter)                  Turns: 6825, Time: 00:48:02

Health: -10/96     AC:  2    Str: 16    XL:     9   Next: 52%
Magic:  10/15      EV: 19    Int: 18    God:    Gozag
Gold:   806        SH:  0    Dex: 14    Spells: 5/16 levels left

rFire   + .          .
                       - Unarmed
rCold   . . .        (shield currently unavailable)
rNeg    . . .        y - melded +2 robe {rC+}
rPois   x            (helmet currently unavailable)
rElec   .            (cloak currently unavailable)
rCorr   .            (gloves unavailable)
SInv    .            (boots unavailable)
Will    .....        w - amulet of regeneration
Stlth   +            z - ring of protection from fire
HPRegen 1.16/turn    (no ring)
MPRegen 0.14/turn

%: no passive effects
@: spider-form, very slightly contaminated
A: venomous fangs, tiny, unfitting armour, (tough skin 1)
a: End Transformation, Renounce Religion, Potion Petition, Call Merchant, Bribe
Branch


You were in a bailey.
You worshipped Gozag.
Gozag was pleased with you.
You were a venomous arachnid creature.
You visited 1 branch of the dungeon, and saw 7 of its levels.
You also visited: Bailey.

You collected 846 gold pieces.
You paid 40 gold pieces to Gozag.

Inventory:

Hand Weapons
 h - a +2 dagger of venom
 n - a +3 whip
Missiles
 t - 4 boomerangs
Armour
 y - a +2 robe of cold resistance (melded)
Jewellery
 i - an amulet of guardian spirit
 w - an amulet of regeneration (around neck)
 z - a ring of protection from fire (left front pincers)
Wands
 a - a wand of light (3)
 s - a wand of charming (12)
 B - a wand of roots (13)
Scrolls
 d - 3 scrolls of enchant weapon {unknown}
 e - 5 scrolls of teleportation
 f - a scroll of immolation {unknown}
 u - a scroll of silence {unknown}
 v - a scroll of fog {unknown}
 x - a scroll of enchant armour {unknown}
 A - a scroll of fear {unknown}
 C - 2 scrolls of identify
 D - a scroll of amnesia {unknown}
Potions
 b - a potion of lignification
 c - a potion of ambrosia {unknown}
 g - 2 potions of attraction
 j - a potion of cancellation {unknown}
 k - a potion of invisibility {unknown}
 l - 2 potions of curing {unknown}
 m - 4 potions of enlightenment
 o - 2 potions of resistance {unknown}
 p - 3 potions of heal wounds
 q - 2 potions of mutation {unknown}
 r - 4 potions of haste {unknown}


   Skills:
 - Level 8.0 Fighting
 - Level 2.0 Dodging
 - Level 8.0 Unarmed Combat
 - Level 4.0 Spellcasting
 - Level 6.0 Transmutations
 * Level 0.0 Ice Magic
 - Level 2.0 Poison Magic


You had 5 spell levels left.
You knew the following spells:

 Your Spells              Type           Power      Damage    Failure   Level
a - Beastly Appendage     Tmut           50%        N/A       6%          1
c - Sting                 Tmut/Pois      72%        1d6       10%         1
e - Wereblood             Tmut           25%        N/A       8%          2
p - Spider Form           Tmut/Pois      18%        N/A       22%         3
q - Ice Form              Ice/Tmut       14%        N/A       61%         4

Your spell library contained the following spells:

 Spells                   Type           Power      Damage    Failure   Level
 Apportation              Tloc           6%         N/A       32%         1
 Shock                    Conj/Air       12%        1d3       32%         1
 Poisonous Vapours        Pois/Air       14%        N/A       32%         2
 Lesser Beckoning         Tloc           6%         N/A       43%         2
 Mephitic Cloud           Conj/Pois/Air  5%         N/A       56%         3
 Gell's Gravitas          Tloc           3%         N/A       63%         3
 Swiftness                Air            3%         N/A       63%         3
 Teleport Other           Tloc           3%         N/A       63%         3
 Olgreb's Toxic Radiance  Pois           10%        N/A       75%         4
 Alistair's Intoxication  Tmut/Pois      12%        N/A       80%         5
 Airstrike                Air            1%         2d(1-17)  93%         4
 Freezing Cloud           Conj/Ice/Air   1%         6-21      99%         5


Dungeon Overview and Level Annotations

Branches:
Dungeon (7/15)             Temple (0/1) D:7          Bailey (1/1)

Altars:
Fedhas
Gozag
Hepliaklqana
Ru
Wu Jian

Shops:
D:6 !


Innate Abilities, Weirdness & Mutations

You are a venomous arachnid creature.
You have venomous fangs.
You are tiny and dextrous.
Your spellcasting is less reliable in this form.
Your armour is entirely melded.
You are incapable of wielding weapons or throwing items.
You are too large for most types of armour.
((You have tough skin. (AC +1)))


Message History

The orc warrior shouts!
The orc warrior closely misses you.
You barely miss the orc warrior. The orc warrior barely misses you.
You hit the orc warrior but do no damage.
You hit the orc warrior but do no damage.
The orc warrior hits you with a +0 glaive!
Casting: Spider Form (dangerous; 9% risk of failure)
Confirm with . or Enter, or press ? or * to list all spells.
You turn into a venomous arachnid creature.
Your +2 robe of cold resistance melds into your body.
You feel less resistant to cold.
The orc warrior hits you with a +0 glaive.
You hit the orc warrior but do no damage.
The orc warrior is poisoned.
The orc warrior closely misses you. The orc warrior barely misses you.
You completely miss the orc warrior. The orc warrior misses you.
The orc warrior hits you with a +0 glaive!!
You barely miss the orc warrior. The orc warrior closely misses you.
The orc warrior hits you with a +0 glaive!
You hit the orc warrior but do no damage.
The orc warrior looks even sicker.
Casting: Spider Form (dangerous; 22% risk of failure)
Confirm with . or Enter, or press ? or * to list all spells.
You miscast Wereblood.
You are very lightly contaminated with residual magic.
Nothing appears to happen.
The orc warrior misses you. The orc warrior closely misses you.
The orc warrior barely misses you. The orc warrior barely misses you.
The orc warrior completely misses you.
The orc warrior hits you with a +0 trident!
You hit the orc warrior but do no damage.
The orc warrior is poisoned.
The orc warrior hits you with a +0 trident!
The orc warrior hits you with a +0 glaive!
* * * LOW HITPOINT WARNING * * *
The orc warrior misses you.
The orc warrior hits you from afar with a +0 trident!
* * * LOW HITPOINT WARNING * * *
The orc warrior hits you from afar with a +0 glaive!
You die...
Your body crumbles into a pile of gold.

###################
##≈≈≈≈≈≈≈≈≈≈≈≈≈≈≈≈≈##
#......)............##
......)).)......so...##
###'##########⌠...o...#
≈............#####o...#
≈...≈≈≈≈≈≈≈≈≈....##...#
≈..≈≈.......≈≈≈.⌠.#...#
≈....≈≈≈≈≈≈≈..≈≈..# ..#
...≈≈≈.....≈≈≈.≈≈.# ..#
..≈≈..≈≈≈≈≈).≈≈.≈)##..#
.≈≈.≈≈≈...≈≈≈.≈.≈≈.#..#


You could see 3 orc warriors.

Vanquished Creatures
  Sigmund (D:5)
  A wyvern (D:7)
  Menkaure (D:7)
  2 sky beasts (D:6)
  2 orc warriors (Bailey)
  2 black bears
  3 centaurs
  3 bullfrogs
  4 scorpions
  A howler monkey (D:5)
  4 hounds
  A jelly (D:6)
  4 orc priests
  3 iguanas
  5 orc wizards
  9 adders
  4 gnolls
  2 white imps
  An ufetubus (D:6)
  7 worms
  2 dart slugs
  37 orcs
  9 endoplasms
  6 giant cockroaches
  13 goblins
  12 hobgoblins
  9 jackals
  6 kobolds
  10 quokkas
  7 ball pythons
  8 bats
  4 frilled lizards
  5 rats
188 creatures vanquished.

Notes
Turn   | Place    | Note
-------+----------+-------------------------------------------
     0 | D:1      | avis the Ogre Transmuter began the quest for the Orb.
     0 | D:1      | Reached XP level 1. HP: 19/19 MP: 3/3
   181 | D:1      | Reached XP level 2. HP: 17/28 MP: 1/5
   553 | D:1      | Reached XP level 3. HP: 37/37 MP: 4/6
   846 | D:1      | Learned a level 2 spell: Wereblood
   850 | D:1      | Learned a level 3 spell: Spider Form
  1308 | D:2      | Reached XP level 4. HP: 44/48 MP: 5/8
  1476 | D:2      | Found a faded altar of an unknown god.
  2032 | D:3      | Reached skill level 1 in Poison Magic
  2317 | D:3      | Reached XP level 5. HP: 24/54 MP: 2/9
  2567 | D:3      | Learned a level 4 spell: Ice Form
  3343 | D:4      | Reached XP level 6. HP: 32/63 MP: 2/10
  3351 | D:4      | Reached skill level 5 in Fighting
  3569 | D:4      | Found a blossoming altar of Fedhas.
  3686 | D:4      | Reached skill level 5 in Unarmed Combat
  3702 | D:4      | Reached XP level 7. HP: 72/72 MP: 5/11
  3743 | D:4      | Found a sacrificial altar of Ru.
  4069 | D:4      | Found an opulent altar of Gozag.
  4096 | D:4      | Became a worshipper of Gozag Ym Sagoz the Greedy
  4194 | D:5      | Entered Level 5 of the Dungeon
  4593 | D:5      | Noticed Sigmund
  4606 | D:5      | Killed Sigmund
  4685 | D:5      | Reached XP level 8. HP: 79/83 MP: 6/14
  4794 | D:5      | Found a hazy altar of Hepliaklqana.
  5169 | D:6      | Found Guggoreo's Distillery.
  5194 | D:6      | Reached skill level 5 in Transmutations
  5402 | D:6      | Found an ornate altar of the Wu Jian Council.
  5618 | D:6      | Reached XP level 9. HP: 93/93 MP: 12/15
  5960 | D:6      | Learned a level 1 spell: Sting
  5967 | D:7      | Noticed Menkaure
  5976 | D:7      | Killed Menkaure
  6137 | D:7      | Found a flagged portal.
  6153 | D:7      | Found a staircase to the Ecumenical Temple.
  6175 | Bailey   | Entered a bailey
  6825 | Bailey   | Mangled by an orc warrior

Illustrated notes

Levels and vault maps discovered:
D:1:      reono_arrival_mine, layout_basic, serial_corexii_hall,
          corexii_hall_statues_s, chequers_hall_statues_y, minmay_tripent
D:2:      layout_basic, hellmonk_ecumenical_altar_heavens_door,
          kennysheep_generic_room_9
D:3:      minmay_razor_zed, layout_loops_ring
D:4:      layout_rooms, nicolae_ru_the_path_less_chosen,
          nicolae_gozag_seed_capital, lemuel_tele_altar, st_stairs_11
D:5:      layout_gridville, worldfamousw_hep_ancestral_shrine, minivault_4,
          uniq_sigmund
D:6:      layout_cave_pools, mainiacjoe_overflow_small_starburst, serial_shops,
          shop, item_on_display_a
D:7:      layout_rooms, minmay_temple_entry_purple_smoke,
          lightli_bailey_entry_fortress, minmay_splitting_lines,
          hellmonk_guarded_unrand_hermit, uniq_duvessa, uniq_menkaure
Bailey:   bailey_polearm_flooded_kennysheep, bailey

Skill      XL: |  1  2  3  4  5  6  7  8  9 |
---------------+----------------------------+-----
Fighting       | 2 3 4 5 6 7 8 |  8.0
Unarmed Combat | 3 4 5 7 8 |  8.0
Dodging        | 2 |  2.0
Spellcasting   | 3 4 |  4.0
Transmutations | 2 3 4 5 6 |  6.0
Poison Magic   | 1 2 |  2.0

Action                     |  1- 3 |  4- 6 |  7- 9 || total
---------------------------+-------+-------+-------++-------
  Melee: Unarmed           |   117 |   197 |   210 ||   524
         Kick              |     9 |    35 |     2 ||    46
         Headbutt          |    11 |    19 |     2 ||    32
         Punch             |     2 |     6 |       ||     8
   Cast: Beastly Appendage |    24 |    30 |     4 ||    58
         Wereblood         |     2 |    17 |    24 ||    43
         Spider Form       |     1 |    14 |    31 ||    46
         Sting             |       |       |    34 ||    34
    Use: Scroll            |       |     4 |       ||     4
         Potion            |       |     1 |       ||     1
   Stab: Sleeping          |       |     2 |       ||     2
         Distracted        |       |       |     1 ||     1
 Armour: Robe              |    45 |    34 |     7 ||    86
         Skin              |     1 |     4 |     9 ||    14
  Dodge: Dodged            |    58 |   126 |   198 ||   382

Table legend: (Time is in decaauts)
 A = Elapsed time spent in this place.
 B = Non-inter-level travel time spent in this place.
 C = Inter-level travel time spent in this place.
 D = Time resting spent in this place.
 E = Time spent auto-exploring this place.
 F = Levels seen in this place.
 G = Mean time per level.
                   A        B        C        D        E       F      G
               +--------+--------+--------+--------+--------+-----+--------+
         Total |   6782 |   6425 |    357 |   1045 |   3006 |   8 |  847.8 |
       Dungeon |   6137 |   5780 |    357 |    947 |   3006 |   7 |  876.7 |
        Bailey |    644 |    644 |      0 |     98 |      0 |   1 |  644.0 |
               +--------+--------+--------+--------+--------+-----+--------+

Top non-repeatable levels by time:
     D:3: 1331 daAuts
     D:1: 1095 daAuts
     D:5: 1025 daAuts
     D:4: 966 daAuts
     D:2: 859 daAuts
     D:6: 684 daAuts
  Bailey: 644 daAuts
     D:7: 174 daAuts
